 Dungeon Crawl Stone Soup version 0.30-a0-760-g5a9884bb7c (webtiles) character file.

Game seed: 13727178246421128439

2948 kingofthe the Conjurer (level 9, -1/51 HPs)
             Began as an Octopode Conjurer on Feb 12, 2023.
             Was a Follower of Sif Muna.
             Slain by a yak (8 damage)
             ... on level 8 of the Dungeon.
             The game lasted 00:30:55 (10395 turns).

kingofthe the Conjurer (Octopode Conjurer)         Turns: 10395, Time: 00:30:55

Health: -1/51      AC:  5    Str:  6    XL:     9   Next: 81%
Magic:  10/18      EV: 16    Int: 20    God:    Sif Muna [*.....]
Gold:   525        SH:  0    Dex: 15    Spells: 8/20 levels left

rFire   . . .      SeeInvis .    d - +2 mace (holy)
rCold   + . .      Faith    .    (no shield)
rNeg    + + .      Spirit   .    (helmet restricted)
rPois   .          Reflect  .    (no amulet)
rElec   .          Harm     .    m - +4 ring of protection
rCorr   .          Rampage  .    p - ring of positive energy
Will    +....                    y - ring of willpower
Stlth   +++++                    B - ring of protection from cold
HPRegen 0.28/turn                G - ring of positive energy
MPRegen 0.16/turn                (no ring)
                                 (no ring)
                                 (no ring)

@: studying Evocations
A: almost no armour, amphibious, 8 rings, camouflage 1, gelatinous body 1,
(nimble swimmer 1), tentacles
a: Renounce Religion, Channel Magic


You were on level 8 of the Dungeon.
You worshipped Sif Muna.
Sif Muna was aware of your devotion.
You visited 2 branches of the dungeon, and saw 10 of its levels.

You collected 525 gold pieces.

Inventory:

Hand Weapons
 c - a +0 sling of draining
 d - a +2 mace of holy wrath (weapon)
 r - a +1 flail of protection
 s - a +1 war axe of electrocution
 v - a +0 mace of protection
 I - a +0 short sword of protection
Armour
 g - an orb of mayhem
Magical Staves
 C - a staff of poison
Jewellery
 e - a ring of fire
 m - a +4 ring of protection (left tentacle)
 p - a ring of positive energy (right tentacle)
 y - a ring of willpower (on tentacle)
 B - a ring of protection from cold (on tentacle)
 G - a ring of positive energy (on tentacle)
Wands
 E - a wand of paralysis (9)
 F - a wand of roots (12)
Scrolls
 b - 7 scrolls of teleportation {unknown}
 h - a scroll of noise {unknown}
 k - 2 scrolls of amnesia {unknown}
 l - 2 scrolls of blinking {unknown}
 o - 7 scrolls of identify {unknown}
 t - a scroll of poison {unknown}
 u - a scroll of fear {unknown}
 w - a scroll of immolation {unknown}
 A - 2 scrolls of enchant weapon {unknown}
 H - a scroll of enchant armour {unknown}
Potions
 a - a potion of magic
 f - 3 potions of invisibility {unknown}
 i - 3 potions of brilliance {unknown}
 j - 2 potions of might {unknown}
 n - 2 potions of heal wounds {unknown}
 q - 5 potions of curing {unknown}
 x - 2 potions of attraction {unknown}
 z - a potion of berserk rage {unknown}
 D - a potion of flight {unknown}


   Skills:
 * Level 6.8 Dodging
 - Level 7.4 Stealth
 * Level 6.4 Spellcasting
 + Level 7.6 Conjurations
 * Level 0.8 Fire Magic
 + Level 4.4 Air Magic


You had 8 spell levels left.
You knew the following spells:

 Your Spells              Type           Power      Damage    Failure   Level
a - Magic Dart            Conj           100%       1d8       1%          1
b - Searing Ray           Conj           74%        2d7       1%          2
c - Shock                 Conj/Air       100%       1d9       1%          1
d - Swiftness             Air            24%        N/A       4%          3
e - Fireball              Conj/Fire      11%        3d7       43%         5

Your spell library contained the following spells:

 Spells                   Type           Power      Damage    Failure   Level
 Foxfire                  Conj/Fire      92%        2x1d8     1%          1
 Dazzling Flash           Conj/Hex       42%        N/A       6%          3
 Vhi's Electric Charge    Tloc/Air       30%        N/A       12%         3
 Airstrike                Air            12%        2d(2-18)  16%         4
 Fulminant Prism          Conj/Hex       10%        3d8       21%         4
 Iskenderun's Mystic Bla  Conj/Tloc      21%        2d6       21%         4
 Arcjolt                  Conj/Air       15%        1d25      22%         5
 Yara's Violent Unravell  Hex/Tmut       3%         3d4       95%         5
 Starburst                Conj/Fire      11%        6d5       95%         6
 Enfeeble                 Hex            3%         N/A       100%        7
 Maxwell's Capacitive Co  Air            12%        ∞         100%        8


Dungeon Overview and Level Annotations

Branches:
Dungeon (9/15)             Temple (1/1) D:6
   Lair: D:8-11         Orc: D:9-12

Altars:
Ashenzari
Cheibriados
Elyvilon
Fedhas
Hepliaklqana
Makhleb
Nemelex Xobeh
Okawaru
Qazlal
Ru
Sif Muna
Trog
Uskayaw
Vehumet
Wu Jian
Xom
Zin
The Shining One

Shops:
D:3 ?

Annotations:
D:3 exclusion: door


Innate Abilities, Weirdness & Mutations

You cannot wear most types of armour.
You are amphibious.
You can wear up to eight rings at the same time.
Your skin changes colour to match your surroundings (Stealth+).
Your rubbery body absorbs attacks. (AC +1, EV +1)
((You are camouflaged when in or above water. (Stealth+)))
You have tentacles for arms and can constrict up to eight enemies at once.


Message History

There is a stone staircase leading up here.
The yak gores you.
You climb upwards.
There is a stone staircase leading down here.
Casting: Searing Ray (safe; 1% risk of failure)
Confirm with . or Enter, or press ? or * to list all spells.
Aiming: Searing Ray (safe; 1% risk of failure)
Press: ? - help, Shift-Dir - straight line, f - yak
Aim: a yak (88% to hit)
The searing ray hits the yak.
The yak is lightly wounded. (Press . to maintain the ray.)
The yak gores you.
The searing ray hits the yak.
The yak is lightly wounded.
The yak gores you but does no damage.
The searing ray hits the yak!
The yak is moderately wounded.
The yak gores you.
The searing ray hits the yak!
The yak is heavily wounded.
You finish channelling your searing ray.
The yak gores you!
Casting: Searing Ray (safe; 1% risk of failure)
Confirm with . or Enter, or press ? or * to list all spells.
Aiming: Searing Ray (safe; 1% risk of failure)
Press: ? - help, Shift-Dir - straight line, f/p - yak
Aim: a yak (heavily wounded, 88% to hit)
The searing ray hits the yak.
The yak is severely wounded. (Press . to maintain the ray.)
The yak gores you!
The searing ray hits the yak.
The yak is severely wounded.
The yak gores you!
* * * LOW HITPOINT WARNING * * *
The searing ray hits the yak.
The yak is almost dead.
The yak gores you!
You die...

.<...#
##.#.#............#...[..
#.####
#...#..#.##.............
#.#####
#...#..#.##.#####..##...
......# #..(#..#.##.#
#.......#. ......#
#.#)...#.##.###..####.#.
......# #....(.#.##.#...##
#.#. ......#
###.#..#.##.#.#.# #.#.
......#########(#.##...#.#
#.#.
......##.......Y@....###.#
#.#.
......#...#######.##.# #.#
#.#. ......#...# #.##.#
#.# #.#. ......#...#
#.##.###.#####.#.
#######...#
#.##...........#. ##.##
#.######.#######. #.#
#................
#.###############...#####.
#.#.................# #.


You could see a yak.

Vanquished Creatures
  A komodo dragon (D:7)
  Eustachio (D:5)
  2 wyverns
  An acid dragon (D:8)
  A water moccasin (D:6)
  An orc warrior (D:7)
  2 ice beasts
  A black bear (D:8)
  An ogre (D:6)
  A centaur (D:8)
  4 kobold brigands
  Blork the orc (D:5)
  A necrophage (D:5)
  A gnoll sergeant (D:6)
  A scorpion (D:4)
  3 howler monkeys
  2 jellies
  A hound (D:7)
  4 orc priests
  2 gnoll boudas (D:6)
  3 iguanas (D:5)
  7 orc wizards
  16 gnolls (D:6)
  7 adders
  A shadow imp (D:5)
  3 white imps
  A worm (D:5)
  6 dart slugs
  17 orcs
  4 endoplasms
  5 giant cockroaches
  8 goblins
  8 hobgoblins
  3 jackals
  22 kobolds
  4 quokkas
  7 ball pythons
  4 bats
  7 frilled lizards
  4 rats
  A spectral hobgoblin (D:3)
170 creatures vanquished.

Notes
Turn   | Place    | Note
-------+----------+-------------------------------------------
     0 | D:1      | kingofthe the Octopode Conjurer began the quest for the
                  | Orb.
     0 | D:1      | Reached XP level 1. HP: 11/11 MP: 3/3
   201 | D:1      | Reached XP level 2. HP: 6/17 MP: 1/5
   204 | D:1      | Learned a level 2 spell: Searing Ray
  1093 | D:2      | Reached XP level 3. HP: 21/21 MP: 4/6
  1949 | D:3      | Reached XP level 4. HP: 27/27 MP: 2/7
  2083 | D:3      | Found a shimmering altar of Xom.
  2090 | D:3      | Found a broken altar of Ashenzari.
  2095 | D:3      | Found a snail-covered altar of Cheibriados.
  2252 | D:3      | Found a faded altar of an unknown god.
  2369 | D:3      | Found The Oracle's Delphic Readings.
  3011 | D:3      | Found a hazy altar of Hepliaklqana.
  3502 | D:4      | Reached XP level 5. HP: 31/31 MP: 7/9
  4166 | D:5      | Entered Level 5 of the Dungeon
  4214 | D:5      | Reached XP level 6. HP: 36/36 MP: 4/11
  4422 | D:5      | Noticed an ice beast
  4592 | D:5      | Reached skill level 5 in Conjurations
  4854 | D:5      | Noticed Blork the orc
  4871 | D:5      | Killed Blork the orc
  4969 | D:5      | Reached skill level 5 in Stealth
  4974 | D:5      | Killed an ice beast
  4975 | D:5      | Reached XP level 7. HP: 3/41 MP: 0/13
  5410 | D:5      | Noticed Eustachio
  5419 | D:5      | Learned a level 1 spell: Shock
  5451 | D:5      | Killed Eustachio
  6008 | D:6      | Found an iron altar of Okawaru.
  6241 | D:6      | Reached XP level 8. HP: 46/46 MP: 6/15
  6376 | D:6      | Reached skill level 5 in Dodging
  6376 | D:6      | Reached skill level 1 in Air Magic
  6671 | D:6      | Reached skill level 5 in Spellcasting
  6914 | D:6      | Found a staircase to the Ecumenical Temple.
  6924 | Temple   | Entered the Ecumenical Temple
  6929 | Temple   | Became a worshipper of Sif Muna the Loreminder
  7255 | D:6      | Learned a level 3 spell: Swiftness
  7609 | D:7      | Noticed a wyvern
  7655 | D:7      | Noticed a komodo dragon
  7741 | D:7      | Killed a wyvern
  8026 | D:7      | Reached XP level 9. HP: 51/51 MP: 9/17
  8637 | D:7      | Killed a komodo dragon
  8849 | D:8      | Learned a level 5 spell: Fireball
  9182 | D:8      | Reached * piety under Sif Muna
 10395 | D:8      | Slain by a yak

Illustrated notes

Levels and vault maps discovered:
D:1:      dpeg_arrival_rooms_b, layout_basic, grunt_decor_resistance,
          minmay_misc_feat_chi, minmay_pentomino_w2
D:2:      layout_basic, wander_ebering_terrifying_dragon_lair
D:3:      kennysheep_six_static_rooms, layout_basic,
          nicolae_hepliaklqana_monster_ancestors,
          minmay_overflow_temple_star_quad, ebering_ecumenical_altar_hall,
          nicolae_nh_oracle_at_delphi
D:4:      layout_loops_ring
D:5:      layout_basic, uniq_eustachio, uniq_blork_the_orc
D:6:      layout_basic, kennysheep_okawaru_gauntlet, temple_fountains
D:7:      layout_rooms
D:8:      layout_basic, chequers_serial_rivers_marsh
D:9:      minmay_bloctagon_deflated, layout_long_grid,
          mainiacjoe_overflow_alcove_4, gammafunk_ghost_stat_death
Temple:   cyrus_circular_temple

Skill      XL: |  1  2  3  4  5  6  7  8  9 |
---------------+----------------------------+-----
Stealth        | 3 4 5 6 7 |  7.4
Spellcasting   | 3 4 5 6 |  6.4
Dodging        | 3 4 5 6 |  6.8
Conjurations   | 5 6 7 |  7.6
Air Magic      | 3 4 |  4.4
Fire Magic     | |  0.8

Action                     |  1- 3 |  4- 6 |  7- 9 || total
---------------------------+-------+-------+-------++-------
  Melee: Mace              |     7 |     2 |    16 ||    25
         Constrict         |     4 |       |     3 ||     7
         Tentacles         |     1 |       |     6 ||     7
         Punch             |       |       |     1 ||     1
   Fire: Sling             |     3 |       |       ||     3
   Cast: Magic Dart        |    52 |    87 |    96 ||   235
         Searing Ray       |     4 |    19 |    69 ||    92
         Shock             |       |       |    15 ||    15
 Armour: Skin              |     1 |     4 |    17 ||    22
  Dodge: Dodged            |    10 |    16 |    87 ||   113

Table legend: (Time is in decaauts)
 A = Elapsed time spent in this place.
 B = Non-inter-level travel time spent in this place.
 C = Inter-level travel time spent in this place.
 D = Time resting spent in this place.
 E = Time spent auto-exploring this place.
 F = Levels seen in this place.
 G = Mean time per level.
                   A        B        C        D        E       F      G
               +--------+--------+--------+--------+--------+-----+--------+
         Total |  10422 |   9559 |    863 |    995 |   7255 |  10 | 1042.2 |
       Dungeon |  10362 |   9507 |    855 |    995 |   7214 |   9 | 1151.3 |
        Temple |     59 |     51 |      8 |      0 |     41 |   1 |   59.0 |
               +--------+--------+--------+--------+--------+-----+--------+

Top non-repeatable levels by time:
     D:5: 2031 daAuts
     D:8: 1521 daAuts
     D:6: 1452 daAuts
     D:3: 1341 daAuts
     D:7: 1129 daAuts
     D:2: 1048 daAuts
     D:4: 970 daAuts
     D:1: 865 daAuts
  Temple: 59 daAuts
     D:9: 3 daAuts
